MLB
ST. LOUIS CARDINALS @ LAS VEGAS HUSTLE
06/07/2098
 
TOP OF THE 1ST
St. Louis Cardinals batting - Pitching for Las Vegas Hustle : RHP Justin Price
Pitching: RHP Justin Price
Batting: LHB Brett Rinehart 0-0: Foul Ball, location: 2F
0-1: Ground out U3 (Groundball, 34S, EV 76.9 MPH)
Batting: RHB Butch Arnett 0-0: Foul Ball, location: 9LDF
0-1: Called Strike
0-2: Foul Ball, location: 2LF
0-2: Ball
1-2: Ball
2-2: Foul Ball, location: 9LDF
2-2: Strikes out looking
Batting: SHB Bryan Smolka 0-0: Called Strike
0-1: Called Strike
0-2: Ball
1-2: Foul Ball, location: 2F
1-2: SINGLE (Line Drive, 56D, EV 100.0 MPH)
Batting: RHB Ryan Collier 0-0: Ball
1-0: Ball
2-0: Called Strike
2-1: Ball
3-1: Base on Balls
Bryan Smolka to second
Batting: RHB Jayden Whaley 0-0: Fly out, F8 (Flyball, 8RD, EV 105.0 MPH)
Top of the 1st over - 0 runs, 1 hit, 0 errors, 2 left on base; St. Louis 0 - Las Vegas 0
BOTTOM OF THE 1ST
Las Vegas Hustle batting - Pitching for St. Louis Cardinals : RHP Bobby Long
Pitching: RHP Bobby Long
Batting: RHB Rick Roberds 0-0: Called Strike
0-1: Ball
1-1: Ball
2-1: DOUBLE (Flyball, 8RXD, EV 96.3 MPH)
Batting: RHB Clint Hurley 0-0: Called Strike
0-1: Foul Ball, location: 3F
0-2: SINGLE (Line Drive, 89S, EV 108.8 MPH)
Rick Roberds to third
Runner from 3rd tries for Home, SAFE, throw by RF to home
Batting: RHB John Conway 0-0: Ball
1-0: Foul Ball, location: 2F
1-1: Foul Ball, location: 5FF
1-2: Foul Ball, location: 2F
1-2: Foul Ball, location: 2F
1-2: Strikes out swinging
Batting: RHB Tony Ledezma 0-0: Foul Ball, location: 2F
0-1: Foul Ball, location: 23FF
0-2: Ball
1-2: Ball
2-2: Foul Ball, location: 9LSF
2-2: Ball
3-2: Foul Ball, location: 25F
3-2: Fly out, F7 (Flyball, 78XD, EV 85.6 MPH)
Batting: LHB Yazid Deacon 0-0: Called Strike
0-1: Called Strike
0-2: Foul Ball, location: 2F
0-2: Foul Ball, location: 5FF
0-2: Foul Ball, location: 7LDF
0-2: Strikes out swinging
Bottom of the 1st over - 1 run, 2 hits, 0 errors, 1 left on base; St. Louis 0 - Las Vegas 1
TOP OF THE 2ND
St. Louis Cardinals batting - Pitching for Las Vegas Hustle : RHP Justin Price
Batting: RHB Jesus Guzman 0-0: Ball
1-0: Ball
2-0: Ball
3-0: Base on Balls
Batting: RHB Gabe Vega 0-0: Bunted foul
0-1: Ground out 4-3 (Groundball, 34, EV 103.1 MPH)
Jesus Guzman to second
Batting: RHB Brodie Herian 0-0: Foul Ball, location: 9LMF
0-1: Swinging Strike
0-2: Ball
1-2: Foul Ball, location: 2F
1-2: Ball
2-2: SINGLE (Line Drive, 7LS, EV 99.4 MPH)
Jesus Guzman to third
Batting: LHB Jimmy Goldberg 0-0: Ball
1-0: Foul Ball, location: 23F
1-1: Foul Ball, location: 2F
1-2: Ball
2-2: Ball
3-2: Fly out, F6 (Popup, 6M, EV 56.9 MPH)
Batting: LHB Brett Rinehart 0-0: Foul Ball, location: 5DF
0-1: Foul Ball, location: 9LDF
0-2: Ball
1-2: Ball
2-2: Ball
3-2: Base on Balls
Brodie Herian to second
Batting: RHB Butch Arnett 0-0: Ball
1-0: Foul Ball, location: 2F
1-1: Called Strike
1-2: Foul Ball, location: 9LDF
1-2: Ball
2-2: Ball
3-2: Fly out, F2 (Popup, 2LF, EV 87.5 MPH)
Top of the 2nd over - 0 runs, 1 hit, 0 errors, 3 left on base; St. Louis 0 - Las Vegas 1
BOTTOM OF THE 2ND
Las Vegas Hustle batting - Pitching for St. Louis Cardinals : RHP Bobby Long
Batting: SHB Josh Osborne 0-0: Ball
1-0: Ground out 4-3 (Groundball, 34D, EV 110.0 MPH)
Batting: RHB Norge Carlos Hernandez 0-0: Ball
1-0: Foul Ball, location: 9LDF
1-1: Foul Ball, location: 25F
1-2: Fly out, F8 (Flyball, 8LXD, EV 89.4 MPH)
Batting: RHB Karl Robbins 0-0: Foul Ball, location: 2F
0-1: Ball
1-1: Foul Ball, location: 25F
1-2: Ball
2-2: Strikes out swinging
Bottom of the 2nd over - 0 runs, 0 hits, 0 errors, 0 left on base; St. Louis 0 - Las Vegas 1
TOP OF THE 3RD
St. Louis Cardinals batting - Pitching for Las Vegas Hustle : RHP Justin Price
Batting: SHB Bryan Smolka 0-0: Called Strike
0-1: Foul Ball, location: 7LMF
0-2: Strikes out looking
Batting: RHB Ryan Collier 0-0: Called Strike
0-1: DOUBLE (Flyball, 78XD, EV 101.9 MPH)
Batting: RHB Jayden Whaley 0-0: SINGLE (Groundball, 6MD, EV 95.6 MPH)
Ryan Collier to third
Batting: RHB Jesus Guzman 0-0: Ball
1-0: Ball
2-0: Fly out, F7 (Flyball, 7, EV 86.3 MPH)
Runner from 3rd tags up, SCORES, throw by LF
Batting: RHB Gabe Vega 0-0: Called Strike
0-1: Fielders Choice at 2nd, 6-4 (Groundball, 6, EV 103.1 MPH)
Top of the 3rd over - 1 run, 2 hits, 0 errors, 1 left on base; St. Louis 1 - Las Vegas 1
BOTTOM OF THE 3RD
Las Vegas Hustle batting - Pitching for St. Louis Cardinals : RHP Bobby Long
Batting: RHB Leonardo Sosa 0-0: Fly out, F5 (Popup, 5, EV 61.3 MPH)
Batting: RHB Rick Roberds 0-0: SINGLE (Line Drive, 6MD, EV 96.3 MPH)
Batting: RHB Clint Hurley 0-0: Foul Ball, location: 3F
0-1: Ball
1-1: Ball
2-1: 2-RUN HOME RUN (Flyball, 7LD, EV 101.3 MPH), Distance : 370 ft
Batting: RHB John Conway 0-0: Ball
1-0: Ball
2-0: Ball
3-0: Called Strike
3-1: SOLO HOME RUN (Flyball, 7D, EV 107.5 MPH), Distance : 387 ft
Batting: RHB Tony Ledezma 0-0: DOUBLE (Line Drive, 89XD, EV 100.0 MPH)
Batting: LHB Yazid Deacon 0-0: Ball
1-0: Called Strike
1-1: Swinging Strike
1-2: Foul Ball, location: 3F
1-2: Strikes out swinging
Batting: SHB Josh Osborne 0-0: Foul Ball, location: 7LDF
0-1: Ball
1-1: Ball
2-1: Swinging Strike
2-2: Strikes out swinging
Bottom of the 3rd over - 3 runs, 4 hits, 0 errors, 1 left on base; St. Louis 1 - Las Vegas 4
TOP OF THE 4TH
St. Louis Cardinals batting - Pitching for Las Vegas Hustle : RHP Justin Price
Batting: RHB Brodie Herian 0-0: Ball
1-0: Called Strike
1-1: SINGLE (Groundball, 5D, EV 109.4 MPH)
Batting: LHB Jimmy Goldberg 0-0: Ball
1-0: Ball
2-0: Called Strike
2-1: Grounds into double play, U3-6 (Groundball, 3L, EV 89.4 MPH)
Batting: LHB Brett Rinehart 0-0: Foul Ball, location: 2F
0-1: Swinging Strike
0-2: Foul Ball, location: 7LSF
0-2: Ground out 4-3 (Groundball, 4, EV 95.6 MPH)
Top of the 4th over - 0 runs, 1 hit, 0 errors, 0 left on base; St. Louis 1 - Las Vegas 4
BOTTOM OF THE 4TH
Las Vegas Hustle batting - Pitching for St. Louis Cardinals : RHP Bobby Long
Batting: RHB Norge Carlos Hernandez 0-0: Ball
1-0: Fly out, F9 (Flyball, 89S, EV 85.0 MPH)
Batting: RHB Karl Robbins 0-0: Called Strike
0-1: Ball
1-1: Ball
2-1: Foul Ball, location: 2F
2-2: Ball
3-2: Strikes out looking
Batting: RHB Leonardo Sosa 0-0: Called Strike
0-1: Ball
1-1: Ball
2-1: Ball
3-1: Swinging Strike
3-2: Foul Ball, location: 23F
3-2: SINGLE (Groundball, 56S, EV 63.8 MPH) (infield hit)
Batting: RHB Rick Roberds 0-0: Called Strike
0-1: Ball
1-1: Fly out, F9 (Flyball, 9LMF, EV 85.6 MPH)
Bottom of the 4th over - 0 runs, 1 hit, 0 errors, 1 left on base; St. Louis 1 - Las Vegas 4
TOP OF THE 5TH
St. Louis Cardinals batting - Pitching for Las Vegas Hustle : RHP Justin Price
Batting: RHB Butch Arnett 0-0: Called Strike
0-1: Ball
1-1: Ball
2-1: Foul Ball, location: 25FF
2-2: Ball
3-2: Strikes out looking
Batting: SHB Bryan Smolka 0-0: Fly out, F8 (Flyball, 8LD, EV 98.1 MPH)
Batting: RHB Ryan Collier 0-0: Foul Ball, location: 5DF
0-1: Ball
1-1: Called Strike
1-2: Foul Ball, location: 2F
1-2: SINGLE (Groundball, 6MD, EV 103.8 MPH)
Batting: RHB Jayden Whaley 0-0: Called Strike
0-1: Ball
1-1: 2-RUN HOME RUN (Flyball, 7D, EV 98.8 MPH), Distance : 383 ft
Batting: RHB Jesus Guzman 0-0: Called Strike
0-1: Ball
1-1: Called Strike
1-2: Strikes out swinging
Top of the 5th over - 2 runs, 2 hits, 0 errors, 0 left on base; St. Louis 3 - Las Vegas 4
BOTTOM OF THE 5TH
Las Vegas Hustle batting - Pitching for St. Louis Cardinals : RHP Bobby Long
Batting: RHB Clint Hurley 0-0: Ball
1-0: Ball
2-0: Called Strike
2-1: Fly out, F7 (Flyball, 8LM, EV 93.1 MPH)
Batting: RHB John Conway 0-0: Called Strike
0-1: Ball
1-1: Ball
2-1: Swinging Strike
2-2: Ball
3-2: Base on Balls
Batting: RHB Tony Ledezma 0-0: Ball
1-0: Fly out, F8 (Flyball, 8RS, EV 87.5 MPH)
Batting: LHB Yazid Deacon 0-0: Ball
1-0: Foul Ball, location: 2F
1-1: Foul Ball, location: 2F
1-2: Ground out 4-3 (Groundball, 4, EV 87.5 MPH)
Bottom of the 5th over - 0 runs, 0 hits, 0 errors, 1 left on base; St. Louis 3 - Las Vegas 4
TOP OF THE 6TH
St. Louis Cardinals batting - Pitching for Las Vegas Hustle : RHP Justin Price
Batting: RHB Gabe Vega 0-0: Ball
1-0: Ball
2-0: Ball
3-0: Base on Balls
Pitching: RHP Jerry Perez
Batting: RHB Brodie Herian 0-0: Swinging Strike
0-1: Ball
1-1: Swinging Strike
1-2: Foul Ball, location: 9LSF
1-2: Hit by Pitch
Gabe Vega to second
Batting: LHB Jimmy Goldberg 0-0: Bunted foul
0-1: Bunt missed!
0-2: TRIPLE (Line Drive, 89XD, EV 106.3 MPH)
Gabe Vega scores
Brodie Herian scores
Batting: LHB Brett Rinehart 0-0: Fielders Choice at home, 3-2 (Groundball, 3S, EV 62.5 MPH)
Batting: RHB Butch Arnett 0-0: Called Strike
0-1: Swinging Strike
0-2: Foul Ball, location: 5FF
0-2: Ball
1-2: Ball
2-2: Strikes out looking
Batting: SHB Bryan Smolka 0-0: Ball
1-0: Ball
2-0: Ball
3-0: Base on Balls
Brett Rinehart to second
Batting: RHB Ryan Collier 0-0: Called Strike
0-1: Called Strike
0-2: Ball
1-2: Ball
2-2: Strikes out swinging
Top of the 6th over - 2 runs, 1 hit, 0 errors, 2 left on base; St. Louis 5 - Las Vegas 4
BOTTOM OF THE 6TH
Las Vegas Hustle batting - Pitching for St. Louis Cardinals : RHP Bobby Long
Pitching: RHP David Herman
Batting: SHB Josh Osborne 0-0: Called Strike
0-1: Swinging Strike
0-2: Ball
1-2: Strikes out looking
Batting: RHB Norge Carlos Hernandez 0-0: Ball
1-0: Called Strike
1-1: Ball
2-1: Swinging Strike
2-2: Strikes out swinging
Batting: RHB Karl Robbins 0-0: Called Strike
0-1: Ground out 4-3 (Groundball, 34, EV 106.3 MPH)
Bottom of the 6th over - 0 runs, 0 hits, 0 errors, 0 left on base; St. Louis 5 - Las Vegas 4
TOP OF THE 7TH
St. Louis Cardinals batting - Pitching for Las Vegas Hustle : RHP Jerry Perez
Pitching: RHP Scott Dwyer
Batting: RHB Jayden Whaley 0-0: Called Strike
0-1: Ground out 5-3 (Groundball, 56, EV 85.0 MPH)
Batting: RHB Jesus Guzman 0-0: Called Strike
0-1: Ball
1-1: Ball
2-1: Ball
3-1: Base on Balls
Batting: LHB Jose Nieto 0-0: Ball
1-0: Swinging Strike
1-1: Ball
2-1: Grounds into double play, U6-3 (Groundball, 4M, EV 110.0 MPH)
Top of the 7th over - 0 runs, 0 hits, 0 errors, 0 left on base; St. Louis 5 - Las Vegas 4
BOTTOM OF THE 7TH
Las Vegas Hustle batting - Pitching for St. Louis Cardinals : RHP David Herman
Now at 1B: Bryan Smolka
Now in LF: David Martinez
Now in RF: Brett Rinehart
Batting: RHB Leonardo Sosa 0-0: SINGLE (Line Drive, 89S, EV 92.5 MPH)
Pinch Hitting: LHB Steve Lawler 0-0: Ball
1-0: Called Strike
1-1: Ball
2-1: Foul Ball, location: 3F
2-2: Foul Ball, location: 7LMF
2-2: Fly out, F9 (Flyball, 9LSF, EV 92.5 MPH)
Batting: RHB Clint Hurley 0-0: Called Strike
0-1: Called Strike
0-2: Ball
1-2: Strikes out swinging
Batting: RHB John Conway 0-0: Foul Ball, location: 5FF
0-1: Called Strike
0-2: Strikes out looking
Bottom of the 7th over - 0 runs, 1 hit, 0 errors, 1 left on base; St. Louis 5 - Las Vegas 4
TOP OF THE 8TH
St. Louis Cardinals batting - Pitching for Las Vegas Hustle : RHP Scott Dwyer
Pitching: RHP Javy Jacome
Now in CF: Steve Lawler
Batting: RHB Brodie Herian 0-0: Swinging Strike
0-1: Called Strike
0-2: Strikes out swinging
Batting: LHB Jimmy Goldberg 0-0: Ball
1-0: Ball
2-0: SINGLE (Groundball, 4D, EV 98.8 MPH)
Batting: LHB Brett Rinehart 0-0: Ball
1-0: Fly out, F6 (Popup, 56D, EV 46.9 MPH)
Batting: RHB Butch Arnett 0-0: Foul Ball, location: 2F
0-1: Ball
1-1: Foul Ball, location: 3DF
1-2: Ground out 6-3 (Groundball, 4MS, EV 91.9 MPH)
Top of the 8th over - 0 runs, 1 hit, 0 errors, 1 left on base; St. Louis 5 - Las Vegas 4
BOTTOM OF THE 8TH
Las Vegas Hustle batting - Pitching for St. Louis Cardinals : RHP David Herman
Pitching: RHP Jaden McCullough
Batting: RHB Tony Ledezma 0-0: Swinging Strike
0-1: Ball
1-1: Foul Ball, location: 2F
1-2: Ball
2-2: Ground out 6-3 (Groundball, 6, EV 105.6 MPH)
Batting: LHB Yazid Deacon 0-0: Called Strike
0-1: Ball
1-1: Called Strike
1-2: Strikes out swinging
Batting: SHB Josh Osborne 0-0: Swinging Strike
0-1: Foul Ball, location: 7LDF
0-2: Fly out, F9 (Line Drive, 9, EV 91.9 MPH)
Bottom of the 8th over - 0 runs, 0 hits, 0 errors, 0 left on base; St. Louis 5 - Las Vegas 4
TOP OF THE 9TH
St. Louis Cardinals batting - Pitching for Las Vegas Hustle : RHP Javy Jacome
Batting: SHB Bryan Smolka 0-0: Swinging Strike
0-1: SOLO HOME RUN (Flyball, 9D, EV 97.5 MPH), Distance : 381 ft
Batting: RHB David Martinez 0-0: Ball
1-0: Ball
2-0: Foul Ball, location: 9LDF
2-1: Foul Ball, location: 3SF
2-2: Ball
3-2: Fly out, F3 (Line Drive, 3, EV 66.9 MPH)
Batting: RHB Jayden Whaley 0-0: Ball
1-0: Foul Ball, location: 2F
1-1: Fly out, F8 (Flyball, 8RXD, EV 97.5 MPH)
Batting: RHB Jesus Guzman 0-0: Ball
1-0: Ball
2-0: Swinging Strike
2-1: Foul Ball, location: 3FF
2-2: Foul Ball, location: 5F
2-2: Strikes out looking
Top of the 9th over - 1 run, 1 hit, 0 errors, 0 left on base; St. Louis 6 - Las Vegas 4
BOTTOM OF THE 9TH
Las Vegas Hustle batting - Pitching for St. Louis Cardinals : RHP Jaden McCullough
Pitching: LHP Andres Martines
Batting: RHB Norge Carlos Hernandez 0-0: Ball
1-0: Ground out 5-3 (Groundball, 56S, EV 66.9 MPH)
Pinch Hitting: RHB Anton Ortega 0-0: Swinging Strike
0-1: Swinging Strike
0-2: Foul Ball, location: 3FF
0-2: Ball
1-2: Foul Ball, location: 9LMF
1-2: Ball
2-2: Strikes out swinging
Batting: RHB Leonardo Sosa 0-0: Called Strike
0-1: Fly out, F7 (Flyball, 7D, EV 106.9 MPH)
Bottom of the 9th over - 0 runs, 0 hits, 0 errors, 0 left on base; St. Louis 6 - Las Vegas 4
Saturday, April 6th , 2024 - OOTP Baseball 24.11 Build 85